 Dungeon Crawl Stone Soup version 0.30.0-10-gfe55d96785 (webtiles) character file.

Game seed: 3136242673013848579

35 razl the Ruffian (level 3, -1/54 HPs)
             Began as a Troll Berserker on May 13, 2023.
             Was a Follower of Trog.
             Slain by a goblin
             ... wielding a +0 dagger
             ... led by Robin
              (5 damage)
             ... on level 2 of the Dungeon.
             The game lasted 00:06:37 (788 turns).

razl the Ruffian (Troll Berserker)                   Turns: 788, Time: 00:06:38

Health: -1/54      AC:  4    Str: 25    XL:     3   Next: 16%
Magic:  2/2        EV: 10    Int:  3    God:    Trog [*.....]
Gold:   69         SH:  0    Dex: 11    Spells: 2/2 levels left

rFire   . .          .
                       - Unarmed
rCold   . . .        (no shield)
rNeg    . . .        a - +0 animal skin
rPois   .            (helmet restricted)
rElec   .            (no cloak)
rCorr   +            (gloves unavailable)
SInv    .            (boots unavailable)
Will    ++...        (no amulet) Stlth
                     i - ring of resist corrosion
HPRegen 2.09/turn    (no ring)
MPRegen 0.08/turn

%: no passive effects
@: berserking, strong-willed, regenerating, slowed
A: large, unfitting armour, claws 3, regeneration 1, shaggy fur 1, tough skin 1
a: Renounce Religion, Berserk


You were on level 2 of the Dungeon.
You worshipped Trog.
Trog was aware of your devotion.
You visited 1 branch of the dungeon, and saw 2 of its levels.

You collected 69 gold pieces.

Inventory:

Hand Weapons
 b - a +0 mace
Armour
 a - a +0 animal skin (worn)
Jewellery
 i - a ring of resist corrosion (left claw)
Scrolls
 c - a scroll of identify
 d - a scroll of brand weapon
 f - a scroll of poison
 g - a scroll of fog
Potions
 e - 2 potions of curing
 h - a potion of haste


   Skills:
 + Level 2.8 Fighting
 + Level 2.8 Dodging
 + Level 3.5 Unarmed Combat


You had 2 spell levels left.
You didn't know any spells.
Your spell library contained the following spells:

 Spells                   Type           Power      Damage    Failure   Level
 Sublimation of Blood     Necr           0%         N/A       67%         2
 Wereblood                Tmut           0%         N/A       67%         2
 Summon Hydra             Summ           0%         N/A       100%        7


Dungeon Overview and Level Annotations

Branches:
Dungeon (2/15)

Altars:

Annotations:
D:2 Natasha, Robin


Innate Abilities, Weirdness & Mutations

You are too large for most types of armour.
You have claws for hands.
Your natural rate of healing is unusually fast.
You are covered in fur. (AC +1)
You have tough skin. (AC +1)


Message History

Natasha closely misses you. The hobgoblin hits you.
A red film seems to cover your vision as you go berserk!
You feel yourself moving faster!
You feel mighty!
The ball python bites you but does no damage.
The cerulean imp hits you but does no damage.
The goblin hits you with a +0 dagger. The goblin hits you with a +0 club.
The goblin hits you but does no damage. The hobgoblin hits you.
The hobgoblin closely misses you. Natasha claws you.
The adder bites you but does no damage.
The cerulean imp hits you but does no damage.
You claw the hobgoblin!
You kill the hobgoblin!
Trog accepts your kill. Natasha claws you but does no damage.
The goblin hits you with a +0 dagger.
The goblin closely misses you. x2; The hobgoblin barely misses you.
The adder barely misses you. The cerulean imp barely misses you.
You barely miss the goblin. Natasha claws you but does no damage.
The goblin hits you but does no damage.
Robin laughs in a distinctly smug fashion.
Robin roars a battlecry!
The goblin goes into a battle-frenzy!
The goblin hits you with a +0 club. The goblin hits you but does no damage.
The hobgoblin hits you.
* * * LOW HITPOINT WARNING * * *
The goblin barely misses you. The adder misses you.
You claw the goblin!
You kill the goblin!
Trog accepts your kill.
The cerulean imp hits you from afar with a +2 spear.
* * * LOW HITPOINT WARNING * * *
The goblin barely misses you.
Robin says, "My goblins will feast on your bones."
The adder closely misses you. The goblin closely misses you. x2
Natasha claws you!
* * * LOW HITPOINT WARNING * * *
The hobgoblin barely misses you.
You miss the adder. The adder closely misses you.
The cerulean imp barely misses you. The goblin barely misses you.
Natasha claws you but does no damage. The goblin hits you with a +0 dagger.
You die...

#...........
#........#.
#.........
.#........#
..........#
.......g..#
......gggg#
.....Sgggg####.
.....gS@gl.....
....?Bgh#######
.......5#
..[.....#
.........
####.#### ##


You could see Robin, Natasha, a cerulean imp (summoned), an adder, a giant
cockroach, 3 hobgoblins, 8 goblins, a ball python and a frilled lizard.

Vanquished Creatures
  A dart slug (D:1)
  3 ball pythons (D:1)
  2 bats (D:1)
  3 endoplasms (D:1)
  2 goblins
  3 hobgoblins
  5 jackals (D:1)
  3 frilled lizards (D:1)
  3 kobolds (D:1)
  5 rats (D:1)
30 creatures vanquished.

Notes
Turn   | Place    | Note
-------+----------+-------------------------------------------
     0 | D:1      | razl the Troll Berserker began the quest for the Orb.
     0 | D:1      | Reached XP level 1. HP: 22/22 MP: 0/0
    89 | D:1      | Reached XP level 2. HP: 27/29 MP: 1/1
   252 | D:1      | Reached ** piety under Trog
   367 | D:1      | Reached XP level 3. HP: 36/36 MP: 2/2
   777 | D:2      | Noticed Robin
   777 | D:2      | Noticed Natasha
   787 | D:2      | HP: 2/54 [Natasha (7)]
   788 | D:2      | Slain by a goblin

Illustrated notes

Levels and vault maps discovered:
D:1:      ncdulo_wetmaze, layout_loops_cross, amcnicky_mini_pool_small,
          minmay_split_cup_small
D:2:      layout_rooms, serial_aquarium, aquarium_bridge_straight
          [aquarium_subvault_bridge, aquarium_subvault_balcony,
          aquarium_subvault_bridge, aquarium_subvault_wall],
          aquarium_window_fake, aquarium_window_2, aquarium_window_fake,
          aquarium_window_fake, aquarium_view_2b, aquarium_view_2a,
          aquarium_balcony_3a, uniq_robin, uniq_natasha

Action                     || total
---------------------------++-------
  Melee: Unarmed           ||    49
         Punch             ||     2
 Invoke: Berserk           ||     1
         Trog's Hand       ||     1
    Use: Scroll            ||     5
 Armour: Animal skin       ||    33
  Dodge: Dodged            ||    42
